AoeStats
← molnarvanessza96

MegaRandom

507807252Analyzed
3v3 RM · 11d ago on Sep 19, 2026· 77m 24s· 6 players
Game mode
Random Map
Map size
Normal (6 player)
Population
200
Speed
Normal
Resources
Standard
Victory
Conquest
Starting age
Dark Age
Ending age
Imperial Age
RankedLock teamsTeams togetherTeam positionsShared explorationLock speedFull tech treeHidden civsTurbo modeCheats
Victory
Defeat
🇭🇺 Bulgarians · Hungary
886
+13
🇭🇺 Persians · Hungary
784
+17
🇩🇪 Sicilians · Germany
757
+19
🇷🇺 Huns · Russia
821
-16
🇰🇿 Britons · Kazakhstan
821
-17
🇷🇺 Shu · Russia
801
-16
frablai
0:34 Loom
10:16 Feudal Age
11:55 Wheelbarrow
11:08 Double-Bit Axe
11:05 Horse Collar
11:18 Gold Mining
21:38 Castle Age
21:40 Stone Mining
23:36 Hand Cart
23:47 Bow Saw
25:54 Heavy Plow
26:38 Crossbowman
30:30 Fletching
30:40 Padded Archer Armor
36:33 Yeomen
38:48 Imperial Age
38:37 Gold Shaft Mining
38:20 Bodkin Arrow
38:40 Leather Archer Armor
37:50 Pikeman
38:57 Arbalester
39:51 Bracer
43:14 Chemistry
42:42 Ballistics
43:33 Elite Skirmisher
50:39 Ring Archer Armor
54:55 Halberdier
55:50 Forging
55:40 Scale Mail Armor
59:54 Iron Casting
59:34 Chain Mail Armor
60:35 Two-Man Saw
fichart
0:33 Loom
13:19 Feudal Age
14:23 Town Watch
15:37 Double-Bit Axe
15:34 Horse Collar
21:00 Fletching
21:11 Padded Archer Armor
25:30 Castle Age
25:37 Crossbowman
26:34 Thumb Ring
27:20 Leather Archer Armor
29:53 Bodkin Arrow
31:21 Heavy Plow
35:59 Wheelbarrow
39:22 Bow Saw
39:07 Gold Mining
40:55 Hand Cart
44:51 Imperial Age
43:20 Light Cavalry
45:39 Gold Shaft Mining
44:56 Stone Mining
45:20 Scale Barding Armor
45:27 Forging
45:22 Husbandry
45:57 Conscription
46:31 Bracer
46:40 Arbalester
48:43 Ring Archer Armor
48:35 Chain Barding Armor
54:30 Plate Barding Armor
55:56 Scale Mail Armor
57:06 Chain Mail Armor
56:13 Pikeman
56:54 Squires
56:41 Arson
56:42 Gambesons
57:13 Bolt Magazine
60:08 Chemistry
59:17 Siege Engineers
61:56 Murder Holes
65:18 Ballistics
67:22 Halberdier
69:02 Plate Mail Armor
drXsen
10:29 Loom
15:03 Feudal Age
15:25 Fishing Lines
17:08 Double-Bit Axe
21:47 Castle Age
19:53 Arson
19:30 Man-at-Arms
22:32 Squires
26:10 Long Swordsman
28:21 Wheelbarrow
32:08 Bow Saw
32:40 Pikeman
40:06 Murder Holes
40:14 Scale Mail Armor
41:42 Chain Mail Armor
41:20 Fletching
46:10 Scale Barding Armor
46:16 Forging
46:53 Hand Cart
47:54 Husbandry
48:06 Bloodlines
48:47 Town Watch
51:26 Gillnets
51:55 Light Cavalry
OSMANE38
0:42 Loom
12:08 Feudal Age
13:39 Double-Bit Axe
14:55 Horse Collar
18:18 Fishing Lines
27:26 Castle Age
27:46 Stone Mining
27:51 Gold Mining
28:13 Pikeman
29:26 Bow Saw
31:16 Wheelbarrow
31:07 Heavy Plow
36:38 Hand Cart
36:09 Town Watch
36:56 Caravan
38:43 Gold Shaft Mining
39:49 Elite Skirmisher
42:01 Gillnets
44:21 Town Patrol
49:58 Imperial Age
48:02 First Crusade
51:21 Hoardings
51:08 Conscription
50:54 Elite Serjeant
52:50 Crop Rotation
54:11 Halberdier
57:11 Coinage
57:14 Light Cavalry
59:26 Crossbowman
69:22 Banking
71:38 Arbalester
72:37 Bloodlines
72:27 Husbandry
74:25 Guilds
77:57 Padded Archer Armor
77:48 Fletching
78:09 Forging
TheRamblingWorld
0:30 Loom
10:51 Feudal Age
15:18 Double-Bit Axe
18:21 Wheelbarrow
17:33 Horse Collar
21:44 Castle Age
20:09 Gold Mining
21:39 Forging
21:30 Scale Mail Armor
21:29 Stone Mining
21:45 Arson
23:09 Iron Casting
23:31 Squires
23:38 Fletching
25:52 Town Watch
27:53 Bow Saw
30:38 Masonry
30:27 Murder Holes
30:48 Bodkin Arrow
32:22 Heavy Plow
34:35 Gambesons
35:45 Iron Casting
35:49 Gold Shaft Mining
37:50 Ballistics
37:41 Masonry
38:23 Stone Shaft Mining
38:10 Chain Mail Armor
39:27 Bloodlines
41:34 Hand Cart
43:05 Husbandry
43:12 Scale Barding Armor
44:17 Pikeman
50:14 Imperial Age
49:37 Light Cavalry
51:33 Plate Mail Armor
52:03 Blast Furnace
51:33 Chain Barding Armor
53:25 Chemistry
53:40 Plate Barding Armor
52:45 Capped Ram
53:19 Hussar
54:46 Halberdier
55:06 Siege Ram
58:43 Plate Mail Armor
60:52 Town Patrol
63:49 Siege Engineers
64:15 Architecture
66:17 Crop Rotation
66:47 Conscription
66:21 Cavalier
67:11 Stirrups
67:42 Caravan
69:28 Bagains
71:09 Bracer
72:02 Cavalier
73:01 Heavy Scorpion
74:19 Heated Shot
75:54 Elite Konnik
molnarvanessza96
7:08 Loom
12:08 Feudal Age
13:01 Horse Collar
13:08 Double-Bit Axe
20:20 Castle Age
18:57 Gold Mining
19:01 Stone Mining
20:34 Forging
20:43 Bloodlines
21:18 Bow Saw
21:33 Gambesons
21:49 Squires
22:28 Heavy Plow
24:19 Iron Casting
24:29 Scale Barding Armor
25:45 Husbandry
25:44 Pikeman
26:25 Squires
26:10 Gambesons
26:29 Scale Mail Armor
30:04 Chain Barding Armor
30:28 Wheelbarrow
30:43 Town Watch
31:32 Hand Cart
37:49 Imperial Age
35:24 Town Patrol
35:40 Masonry
35:25 Murder Holes
37:45 Ballistics
38:12 Chain Mail Armor
37:49 Fletching
38:00 Padded Archer Armor
39:11 Chemistry
38:42 Architecture
37:51 Cavalier
39:37 Blast Furnace
39:13 Plate Barding Armor
38:54 Citadels
39:21 Caravan
39:39 Bodkin Arrow
40:00 Leather Archer Armor
40:16 Plate Mail Armor
41:43 Savar
42:56 Ring Archer Armor
42:34 Halberdier
50:23 Conscription
50:42 Hoardings
52:31 Crop Rotation
53:10 Two-Man Saw
Connection lost

Rejoining the realm…

Still unreachable

The connection could not be restored.

Session expired

The server has moved on; the page needs a fresh start.